 Dungeon Crawl Stone Soup version 0.29.1-13-g9f3cf754e1 (webtiles) character file.

Game seed: 12895338303673992825

154 Vulpanium the Digger (level 5, -6/36 HPs)
             Began as a Merfolk Earth Elementalist on Jan 22, 2023.
             Was an Initiate of Sif Muna.
             Mangled by an iguana (10 damage)
             ... on level 4 of the Dungeon.
             The game lasted 00:12:09 (4706 turns).

Vulpanium the Digger (Merfolk Earth Elementalist)   Turns: 4706, Time: 00:12:13

Health: -6/36      AC:  3    Str:  9    XL:     5   Next: 35%
Magic:  7/9        EV: 13    Int: 18    God:    Sif Muna [......]
Gold:   128        SH:  0    Dex: 14    Spells: 9/10 levels left

rFire   + . .      SeeInvis .   g - +3 short sword
rCold   . . .      Faith    .   (no shield)
rNeg    . . .      Spirit   .   a - +0 robe
rPois   .          Reflect  .   (no helmet)
rElec   +          Harm     .   (no cloak)
rCorr   .          Rampage  .   (no gloves)
Will    .....                   n - +0 pair of boots "Rihoni Koibi" {rElec rF+ Int+2 Stlth+}
Stlth   +++.......              u - amulet of the acrobat
HPRegen 0.12/turn               (no ring)
MPRegen 0.11/turn               (no ring)

@: no status effects
A: (nimble swimmer 2), mertail
a: Renounce Religion


You were on level 4 of the Dungeon.
You worshipped Sif Muna.
Sif Muna was noncommittal.
You visited 1 branch of the dungeon, and saw 4 of its levels.

You collected 128 gold pieces.

Inventory:

Hand Weapons
 c - a +0 dagger
 g - a +3 short sword (weapon)
Armour
 a - a +0 robe (worn)
 i - a +0 plate armour
 n - the +0 pair of boots "Rihoni Koibi" (worn) {rElec rF+ Int+2 Stlth+}
   (You found it on level 2 of the Dungeon)

   Int:       It affects your intelligence (+2).
   rF:        It protects you from fire.
   rElec:     It insulates you from electricity.
   Stlth:     It makes you more stealthy.
Jewellery
 u - an amulet of the acrobat (around neck)
Scrolls
 d - 3 scrolls of identify {unknown}
 e - a scroll of fear {unknown}
 j - 2 scrolls of butterflies {unknown}
 k - a scroll of vulnerability {unknown}
 m - a scroll of acquirement {unknown}
 o - a scroll of blinking {unknown}
 q - a scroll of torment {unknown}
 r - a scroll of teleportation {unknown}
 t - a scroll of poison {unknown}
 v - a scroll of noise {unknown}
Potions
 b - a potion of magic
 f - 2 potions of degeneration {unknown}
 h - 3 potions of heal wounds {unknown}
 l - a potion of attraction {unknown}
 p - 2 potions of haste {unknown}
 s - 2 potions of lignification {unknown}


   Skills:
 + Level 0.7 Fighting
 + Level 0.3 Short Blades
 + Level 3.4 Dodging
 + Level 3.0 Stealth
 + Level 3.2 Spellcasting
 + Level 1.3 Transmutations
 + Level 3.5 Earth Magic


You had 9 spell levels left.
You knew the following spells:

 Your Spells              Type           Power      Damage    Failure   Level
a - Sandblast             Erth           30%        2d9       3%          1

Your spell library contained the following spells:

 Spells                   Type           Power      Damage    Failure   Level
 Passwall                 Tmut/Erth      9%         N/A       9%          2
 Stone Arrow              Conj/Erth      18%        3d8       22%         3
 Petrify                  Tmut/Erth      11%        N/A       50%         4


Dungeon Overview and Level Annotations

Branches:
Dungeon (4/15)
 Temple: D:4-7

Altars:
Okawaru
Sif Muna

Shops:
D:1 [


Innate Abilities, Weirdness & Mutations

((You are very nimble when in or above water. (Stealth+, EV+, Speed+++)))
Your lower body shifts to a powerful aquatic tail in water.


Message History

You barely miss the iguana.
The iguana is heavily wounded.
The iguana bites you but does no damage.
You barely miss the iguana.
The iguana is heavily wounded.
The iguana bites you but does no damage.
You hit the iguana.
The iguana is heavily wounded.
The iguana misses you.
You hit the iguana.
The iguana is severely wounded.
The iguana bites you!
The iguana bites you but does no damage.
You barely miss the iguana.
The iguana is severely wounded.
The iguana barely misses you.
You hit the iguana but do no damage.
The iguana is severely wounded.
The iguana bites you!
* * * LOW HITPOINT WARNING * * *
You closely miss the iguana.
The iguana is severely wounded.
The iguana completely misses you.
Casting: Sandblast (safe; 3% risk of failure)
Confirm with . or Enter, or press ? or * to list all spells.
Aiming: Sandblast (safe; 3% risk of failure)
Press: ? - help, Shift-Dir - straight line, f - iguana
Aim: an iguana (severely wounded, 84% to hit)
The blast of sand hits the iguana but does no damage.
The iguana is severely wounded.
The iguana misses you.
Casting: Sandblast (safe; 3% risk of failure)
Confirm with . or Enter, or press ? or * to list all spells.
Aiming: Sandblast (safe; 3% risk of failure)
Press: ? - help, Shift-Dir - straight line, f/p - iguana
Aim: an iguana (severely wounded, 84% to hit)
The blast of sand hits the iguana.
The iguana is severely wounded.
The iguana misses you. The iguana bites you!
You die...

####....................
#...............##......
#######.###..#####.)....
#.# ##.# ##..... #.#
#..# #..... #.# ##..
#..... #.# .... ......
#.#..# ####.# #@l.# .#
#..## #..# #..# #..#
#..# ####


You could see an iguana.

Vanquished Creatures
  Terence (D:2)
  3 gnolls (D:2)
  2 adders (D:2)
  3 worms (D:2)
  2 dart slugs (D:3)
  3 orcs (D:4)
  5 ball pythons
  3 bats (D:2)
  6 endoplasms
  4 giant cockroaches
  6 hobgoblins
  12 kobolds
  A quokka (D:1)
  5 frilled lizards
  6 goblins
  5 rats
67 creatures vanquished.

Vanquished Creatures (others)
  7 plants (D:3)
7 creatures vanquished.

Grand Total: 74 creatures vanquished

Notes
Turn   | Place    | Note
-------+----------+-------------------------------------------
     0 | D:1      | Vulpanium the Merfolk Earth Elementalist began the quest
                  | for the Orb.
     0 | D:1      | Reached XP level 1. HP: 13/13 MP: 3/3
   797 | D:1      | Reached XP level 2. HP: 19/19 MP: 1/5
   899 | D:1      | Found Simiagei's Armour Shoppe.
  1011 | D:1      | Found a faded altar of an unknown god.
  1746 | D:1      | Reached XP level 3. HP: 24/24 MP: 4/6
  1980 | D:2      | Reached XP level 4. HP: 11/30 MP: 1/8
  2260 | D:2      | Identified the +0 pair of boots "Rihoni Koibi" {rElec rF+
                  | Int+2 Stlth+}
  2655 | D:2      | Noticed Terence
  2675 | D:2      | Killed Terence
  3009 | D:2      | Reached XP level 5. HP: 36/36 MP: 7/9
  3660 | D:3      | Found a shimmering blue altar of Sif Muna.
  3676 | D:3      | Became a worshipper of Sif Muna the Loreminder
  4084 | D:3      | Found an iron altar of Okawaru.
  4706 | D:4      | Mangled by an iguana

Illustrated notes

Levels and vault maps discovered:
D:1:      eino_arrival_water_star, layout_loops_ring, serial_shops, shop_statue,
          dreamdust_ecumenical_altar_statues, st_stairs_7
D:2:      minmay_kobold_bridge, layout_loops_ring, uniq_terence
D:3:      layout_loops_ring, mainiacjoe_overflow_cross_hatched,
          mainiacjoe_overflow_alcove_1
D:4:      layout_rooms, uniq_crazy_yiuf_cottage

Skill      XL: |  1  2  3  4  5 |
---------------+----------------+-----
Dodging        | 3 |  3.4
Earth Magic    | 3 |  3.5
Spellcasting   | 3 |  3.2
Stealth        | 3 |  3.0
Fighting       | |  0.7
Short Blades   | |  0.3
Transmutations | |  1.3

Action                   |  1- 3 |  4- 6 || total
-------------------------+-------+-------++-------
Melee: Unarmed           |    17 |       ||    17
       Dagger            |     8 |       ||     8
       Short sword       |     8 |    59 ||    67
 Cast: Sandblast         |    46 |    39 ||    85
 Stab: Sleeping          |     1 |     9 ||    10
       Distracted        |       |     1 ||     1
Armor: Robe              |     3 |    17 ||    20
Dodge: Dodged            |    42 |    70 ||   112
